Map: Lightshade LE

Players

Elazer - Winner!

  • Race: Zerg Zerg

ziGGy

  • Race: Terran Terran

Event: DreamHack SC2 Masters 2021 Fall

VOD

Have the link to the VOD?

Description

Time

  • Played on: July 29, 2021, 10:55 a.m.
  • Length: 5:18

All games in this series

Show
View Real Time Build Order
Export as new Build Order

Elazer Zerg - Winner!

Build Orders: Hatch First 

Get SALT Encoding   

  12  0:00  Drone  
  13  0:12  Overlord  
  13  0:19  Drone  
  14  0:31  Drone x2  
  16  0:48  Hatchery  
  15  0:51  Drone  
  15  0:56  Drone  
  17  1:03  Drone  
  18  1:14  Spawning Pool  
  18  1:16  Drone  
  18  1:33  Drone  
  18  1:34  Drone  
  18  1:36  Extractor  
  19  1:42  Drone  
  23  2:01  Zergling x6, Queen  
  23  2:02  Queen  
  27  2:14  Spine Crawler  
  26  2:18  Zergling x2  
  26  2:24  Overlord  
  26  2:28  Zergling x2  
  27  2:33  Zergling x2  
  28  2:41  Queen  
  30  2:49  Drone  
  30  2:53  Metabolic Boost  
  30  2:59  Queen  
  32  3:06  Zergling x4  
  34  3:19  Overlord  
  34  3:22  Zergling x4  
  36  3:36  Overlord  
  36  3:44  Zergling x10  
  41  3:50  Overlord  
  41  3:55  Drone x2  
  43  3:58  Drone  
  44  4:04  Drone  
  44  4:08  Drone x2  
  47  4:15  Drone  
  48  4:18  Drone  
  49  4:27  Drone  
  49  4:28  Drone  
  49  4:31  Overlord  
  51  4:35  Drone x4  
  54  4:45  Zergling x6  
  56  4:50  Zergling x2  
  59  4:55  Zergling x2  
  60  5:01  Zergling x2  
  61  5:17  Baneling Nest  
Show
View Real Time Build Order
Export as new Build Order

ziGGy Terran 

Build Orders:  

Get SALT Encoding   

  12  0:00  SCV  
  13  0:12  SCV  
  14  0:17  Supply Depot  
  14  0:39  Barracks  
  14  0:46  Barracks  
  14  0:52  Refinery  
  14  1:00  Refinery  
  15  1:04  SCV  
  15  1:16  SCV  
  16  1:29  Orbital Command  
  16  1:33  Reaper  
  16  1:54  Factory  
  16  2:05  Reaper  
  17  2:09  Reaper  
  18  2:23  Supply Depot  
  18  2:37  Reaper, SCV  
  18  2:42  Reaper  
  21  2:47  Factory Reactor  
  21  2:50  SCV  
  22  3:03  SCV, Starport  
  23  3:09  Reaper  
  24  3:14  Reaper  
  25  3:21  Supply Depot  
  25  3:34  Hellion x2  
  29  3:41  Medivac  
  31  3:53  Armory  
  31  3:58  Hellion  
  33  4:03  Hellion  
  35  4:11  Supply Depot  
  35  4:22  Hellion  
  35  4:23  Marine  
  38  4:24  Marine  
  39  4:32  Hellion  
  41  4:44  Hellion  
  41  4:49  Marine  
  42  4:54  Hellion  

Tags
 
Add a new tag
Caveats
  • Supply blocks, unpowered buildings, or Contaminate may cause inaccurate times.
  • Supply counts are checked every 10 seconds.